 Dungeon Crawl Stone Soup version 0.30-a0-462-gd5975efbca (webtiles) character file.

Game seed: 14441222058390168078

2054 Ijustatesigmund the Arsonist (level 9, -5/62 (69) HPs)
             Began as a Hill Orc Fire Elementalist on Dec 16, 2022.
             Slain by Duvessa
             ... wielding a +5 rapier of flaming
              (14 damage)
             ... on level 6 of the Dungeon.
             The game lasted 00:12:18 (8817 turns).

Ijustatesigmund the Arsonist (HOFE)                 Turns: 8817, Time: 00:12:19

HP:   -5/62 (69)    AC: 10    Str: 11    XL:     9   Next: 25%
MP:   6/11          EV:  8    Int: 28    God:
Gold: 267           SH:  5    Dex: 11    Spells: 4/11 levels left

rFire   + . .      SeeInvis +    c - +1 war axe
rCold   . . .      Faith    .    (no shield)
rNeg    . . .      Spirit   .    a - +1 scale mail {rF+}
rPois   .          Reflect  +    j - +0 helmet {Int+3}
rElec   +          Harm     .    y - +0 cloak
rCorr   .          Rampage  .    k - +0 pair of gloves
Will    .....                    (no boots)
Stlth   ..........               g - amulet of reflection
HPRegen 0.30/turn                o - +6 ring of intelligence
MPRegen 0.12/turn                v - ring of see invisible

@: lit by a corona, glowing, heavily drained
A: electricity resistance
a: no special abilities


You were on level 6 of the Dungeon.
You visited 2 branches of the dungeon, and saw 7 of its levels.

You collected 267 gold pieces.

Inventory:

Hand Weapons
 c - a +1 war axe (weapon)
Armour
 a - a +1 scale mail of fire resistance (worn)
 j - a +0 helmet of intelligence (worn)
 k - a +0 pair of gloves (worn)
 y - a +0 cloak (worn)
Jewellery
 g - an amulet of reflection (around neck)
 l - a ring of flight
 o - a +6 ring of intelligence (left hand)
 q - a ring of fire
 v - a ring of see invisible (right hand)
Wands
 i - a wand of mindburst (15)
 s - a wand of polymorph (24)
 w - a wand of flame (18)
Scrolls
 d - a scroll of teleportation
 p - a scroll of silence {unknown}
 t - 2 scrolls of enchant weapon
 u - a scroll of identify
Potions
 b - a potion of magic
 e - 4 potions of brilliance
 f - 4 potions of curing
 h - 2 potions of might
 m - 2 potions of lignification
 n - a potion of cancellation {unknown}
 r - 3 potions of flight


   Skills:
 + Level 3.1 Fighting
 - Level 5.6 Axes
 + Level 1.2 Armour
 - Level 1.5 Dodging
 - Level 1.5 Stealth
 - Level 1.5 Spellcasting
 - Level 6.8 Conjurations
 - Level 8.2 Fire Magic
 - Level 3.8 Evocations


You had 4 spell levels left.
You knew the following spells:

 Your Spells              Type           Power      Damage    Failure   Level
a - Foxfire               Conj/Fire      100%       2x1d9     2%          1
b - Scorch                Fire           96%        2d9       3%          2
c - Flame Wave            Conj/Fire      44%        2d11      26%         4

Your spell library contained the following spells:

 Spells                   Type           Power      Damage    Failure   Level
 Sticky Flame             Conj/Fire      44%        2d6       26%         4
 Inner Flame              Hex/Fire       25%        N/A       30%         3
 Apportation              Tloc           4%         N/A       50%         1
 Necrotise                Necr           8%         1d4       50%         1
 Summon Small Mammal      Summ           8%         N/A       50%         1
 Kindle Blastsparks       Fire/Tloc/Air  34%        2d12      50%         3
 Sublimation of Blood     Necr           2%         N/A       65%         2
 Wereblood                Tmut           2%         N/A       65%         2
 Alistair's Intoxication  Tmut/Pois      1%         N/A       100%        5
 Summon Hydra             Summ           1%         N/A       100%        7


Dungeon Overview and Level Annotations

Branches:
Dungeon (6/15)             Temple (1/1) D:6

Altars:
Ashenzari
Dithmenos
Elyvilon
Fedhas
Kikubaaqudgha
Makhleb
Okawaru
Ru
Sif Muna
Trog
Uskayaw
Vehumet
Wu Jian
Zin
The Shining One

Shops:
D:2 *

Annotations:
D:6 Dowan, Duvessa


Innate Abilities, Weirdness & Mutations

You are resistant to electric shocks. (rElec)


Message History

Duvessa burns you.
Duvessa hits you with a +5 rapier of flaming!
Duvessa burns you.
Dowan points at you and mumbles some strange words.
You are outlined in light.
Duvessa hits you with a +5 rapier of flaming!
Duvessa burns you.
You hit Duvessa.
Duvessa is severely wounded.
You closely miss Dowan.
Dowan hits you with a +2 dagger of draining.
You feel drained. You block Duvessa's attack.
You hit Duvessa.
Duvessa is severely wounded.
You hit Dowan. Duvessa closely misses you.
Dowan hits you with a +2 dagger of draining.
You feel drained. Duvessa closely misses you.
Dowan hits you but does no damage.
You feel drained.
You hit Duvessa.
Duvessa is almost dead.
You hit Dowan.
Duvessa is no longer more vulnerable to fire.
Duvessa hits you with a +5 rapier of flaming.
Duvessa hits you with a +5 rapier of flaming!
Duvessa burns you.
Dowan hits you with a +2 dagger of draining.
You feel drained.
Casting: Scorch (safe; 3% risk of failure)
Confirm with . or Enter, or press ? or * to list all spells.
Flames lash Duvessa.
Duvessa is almost dead.
Duvessa's fire resistance burns away.
Duvessa closely misses you.
Dowan hits you with a +2 dagger of draining.
You feel drained.
Duvessa hits you with a +5 rapier of flaming!
* * * LOW HITPOINT WARNING * * *
Duvessa burns you.
* * * LOW HITPOINT WARNING * * *
Duvessa hits you with a +5 rapier of flaming!
You die...

#...........#...#..
#...........#...#..
#...........'.).#..
#+#####..........#...#..
......#..........#...#..
....e.s..........#......
......#...##..####.....#
e.... #e..########...#..
.... #@e.....#....#...8
s.. #....)..#......#..
.. #.......#........# .
+.......#.........
#.......#.....#...
#.....###########.
###+### ## # #


You could see Duvessa (fast, combustible), Dowan and a scorpion.

Vanquished Creatures
  Pikel (D:5)
  Menkaure (D:6)
  A black bear (D:6)
  An ice beast (D:5)
  A centaur (D:6)
  2 ogres
  4 lemures (D:5)
  A phantom (D:4)
  Blork the orc (D:5)
  2 scorpions
  A necrophage (D:6)
  A gnoll sergeant (D:6)
  2 jellies (D:4)
  3 orc priests
  Crazy Yiuf (D:2)
  4 hounds
  3 iguanas
  Ijyb (D:4)
  An orc wizard (D:3)
  10 gnolls
  6 adders
  2 worms
  5 dart slugs
  8 orcs
  7 ball pythons
  6 bats
  6 endoplasms
  3 giant cockroaches
  6 goblins
  10 hobgoblins
  3 jackals (D:4)
  3 kobolds
  5 quokkas
  7 frilled lizards
  6 rats
125 creatures vanquished.

Vanquished Creatures (others)
  265 foxfires
  2 fungi (D:2)
267 creatures vanquished.

Grand Total: 392 creatures vanquished

Notes
Turn   | Place    | Note
-------+----------+-------------------------------------------
     0 | D:1      | Ijustatesigmund the Hill Orc Fire Elementalist began the
                  | quest for the Orb.
     0 | D:1      | Reached XP level 1. HP: 14/14 MP: 3/3
   130 | D:1      | Reached XP level 2. HP: 22/22 MP: 0/4
   133 | D:1      | Learned a level 2 spell: Scorch
   176 | D:1      | Reached skill level 1 in Fighting
   352 | D:1      | Reached XP level 3. HP: 28/28 MP: 0/5
  1589 | D:2      | Reached skill level 4 in Fire Magic
  1649 | D:2      | Found Joil's General Store.
  1655 | D:2      | Reached XP level 4. HP: 36/36 MP: 3/6
  2539 | D:2      | Found a runed translucent door.
  2540 | D:2      | Noticed Crazy Yiuf
  2782 | D:3      | Reached XP level 5. HP: 27/45 MP: 1/7
  2971 | D:3      | Found a broken altar of Ashenzari.
  3036 | D:3      | Reached skill level 1 in Axes
  4184 | D:4      | Noticed a phantom
  4194 | D:4      | Reached XP level 6. HP: 51/51 MP: 3/8
  4203 | D:4      | Reached skill level 5 in Fire Magic
  4592 | D:4      | Reached XP level 7. HP: 55/57 MP: 5/9
  4599 | D:4      | Learned a level 4 spell: Flame Wave
  4643 | D:4      | Noticed Ijyb
  4658 | D:4      | Killed Ijyb
  5035 | D:4      | Found an ornate altar of the Wu Jian Council.
  5402 | D:5      | Entered Level 5 of the Dungeon
  5411 | D:5      | Found a hide-covered altar of Uskayaw.
  5461 | D:5      | Noticed Blork the orc
  5466 | D:5      | Reached skill level 6 in Fire Magic
  5487 | D:5      | Killed Blork the orc
  5502 | D:5      | Reached skill level 5 in Axes
  5805 | D:5      | Reached XP level 8. HP: 56/63 MP: 3/10
  5893 | D:5      | Found a glowing silver altar of Zin.
  5918 | D:5      | Reached skill level 5 in Conjurations
  6011 | D:2      | Killed Crazy Yiuf
  6036 | D:2      | Gained mutation: Your spells are a little easier to cast,
                  | but a little less powerful. [potion of mutation]
  6036 | D:2      | Gained mutation: You occasionally lose the ability to drink
                  | potions when taking damage. [potion of mutation]
  6037 | D:2      | Lost mutation: Your spells are a little easier to cast, but
                  | a little less powerful. [potion of mutation]
  6037 | D:2      | Lost mutation: You occasionally lose the ability to drink
                  | potions when taking damage. [potion of mutation]
  6037 | D:2      | Gained mutation: You are resistant to electric shocks.
                  | (rElec) [potion of mutation]
  6619 | D:5      | Found a blossoming altar of Fedhas.
  6621 | D:5      | Found an ancient bone altar of Kikubaaqudgha.
  6671 | D:6      | Noticed Menkaure
  6671 | D:6      | Noticed Pikel
  6898 | D:5      | Killed Pikel
  6899 | D:5      | Reached skill level 7 in Fire Magic
  7086 | D:6      | Killed Menkaure
  7478 | D:6      | Reached XP level 9. HP: 37/69 MP: 1/11
  7836 | D:6      | Reached skill level 8 in Fire Magic
  8115 | D:6      | Found a staircase to the Ecumenical Temple.
  8126 | Temple   | Entered the Ecumenical Temple
  8616 | D:6      | Reached skill level 1 in Armour
  8802 | D:6      | Noticed Duvessa
  8802 | D:6      | Noticed Dowan
  8817 | D:6      | Slain by Duvessa

Illustrated notes

Levels and vault maps discovered:
D:1:      shiori_arrival_maze, layout_basic, minmay_three_crescents
D:2:      layout_basic, serial_shops, shop, uniq_crazy_yiuf_cottage
D:3:      layout_loops_ring, evilmike_ruin_ashenzari, kennysheep_minor_cross,
          supply_closet_lemuel
D:4:      layout_rooms, mainiacjoe_overflow_24_doors, grunt_ministairs_5,
          uniq_ijyb
D:5:      layout_loops_ring, grunt_temple_overflow_growth_and_decay,
          general_overflow_altar, mainiacjoe_overflow_small_starburst,
          minmay_crossroads, uniq_blork_the_orc
D:6:      layout_gridville, minmay_temple_entry_sparse_star, uniq_duvessa,
          uniq_menkaure, uniq_pikel
Temple:   nicolae_temple_cloud_nine

Skill      XL: |  1  2  3  4  5  6  7  8  9 |
---------------+----------------------------+-----
Fighting       | 1 2 3 |  3.1
Conjurations   | 2 3 4 6 |  6.8
Fire Magic     | 4 5 6 7 8 |  8.2
Axes           | 1 3 5 |  5.6
Evocations     | 3 |  3.8
Armour         | 1 |  1.2
Dodging        | |  1.5
Stealth        | |  1.5
Spellcasting   | |  1.5

Action                   |  1- 3 |  4- 6 |  7- 9 || total
-------------------------+-------+-------+-------++-------
Melee: Dagger            |    14 |       |       ||    14
       Flail             |       |    29 |       ||    29
       Punch             |       |     4 |       ||     4
       War axe           |       |    39 |    35 ||    74
 Cast: Foxfire           |    54 |    63 |    50 ||   167
       Scorch            |     4 |    18 |    40 ||    62
       Flame Wave        |       |       |     5 ||     5
  Use: Scroll            |       |     2 |    10 ||    12
       Potion            |       |     1 |     6 ||     7
Armor: Robe              |     1 |    18 |     8 ||    27
       Scale mail        |       |       |    11 ||    11
Dodge: Dodged            |    19 |    46 |    65 ||   130
Block: Other             |       |    17 |    30 ||    47
       Reflection        |       |       |     2 ||     2

Table legend: (Time is in decaauts)
 A = Elapsed time spent in this place.
 B = Non-inter-level travel time spent in this place.
 C = Inter-level travel time spent in this place.
 D = Time resting spent in this place.
 E = Time spent auto-exploring this place.
 F = Levels seen in this place.
 G = Mean time per level.
                   A        B        C        D        E       F      G
               +--------+--------+--------+--------+--------+-----+--------+
         Total |   8857 |   8626 |    231 |   3291 |   4277 |   7 | 1265.3 |
       Dungeon |   8380 |   8157 |    223 |   2867 |   4241 |   6 | 1396.7 |
        Temple |    477 |    469 |      8 |    424 |     36 |   1 |  477.0 |
               +--------+--------+--------+--------+--------+-----+--------+

Top non-repeatable levels by time:
     D:2: 1807 daAuts
     D:5: 1514 daAuts
     D:3: 1488 daAuts
     D:6: 1249 daAuts
     D:4: 1246 daAuts
     D:1: 1074 daAuts
  Temple: 477 daAuts
